 Dungeon Crawl Stone Soup version 0.27.0-1-g7a089689b8 (webtiles) character file.

Game seed: 12868840033300317329

5220 rogsnak the Thaumaturge (level 10, -1/69 HPs)
             Began as a Djinni Fire Elementalist on Aug 16, 2021.
             Was a Priest of Makhleb.
             Shot with an arrow by a centaur (8 damage)
             ... on level 9 of the Dungeon on Aug 17, 2021.
             The game lasted 00:29:52 (10881 turns).

rogsnak the Thaumaturge (Djinni Fire Elementalist) Turns: 10881, Time: 00:29:53

Health: -1/69      AC:  8    Str:  7    XL:     10   Next: 92%
Gold:   539        EV: 13    Int: 20    God:    Makhleb [***...] SH:  3 Dex: 14

rFire    + + .     SeeInvis .   H - +1 dagger (venom)
rCold    x . .     Faith    +   E - +0 buckler
rNeg     . . .     Spirit   .   Q - +0 leather armour
rPois    ∞         Reflect  .   (no helmet)
rElec    .         Harm     .   t - +2 cloak
rCorr    +         Rampage  .   N - +1 pair of gloves {archery}
Will     +....                  (boots unavailable)
Stlth    ++........             I - amulet of faith
HPRegen  0.21/turn              x - ring of resist corrosion
MPRegen  0.00/turn              (no ring)

@: flying
A: sickness immunity, fire resistance 2, cold vulnerability 1, float, innate
caster, hp casting, extra vitality 1
a: Renounce Religion, Minor Destruction, Lesser Servant of Makhleb


You were on level 9 of the Dungeon.
You worshipped Makhleb.
Makhleb was most pleased with you.
You visited 2 branches of the dungeon, and saw 10 of its levels.
You also visited: Ossuary and Bailey.

You collected 539 gold pieces.

Inventory:

Hand Weapons
 d - a +2 quarterstaff of chaos
 n - a +0 hunting sling
 A - a +0 flail of holy wrath
 C - a +3 vorpal mace
 H - a +1 dagger of venom (weapon)
 K - a +2 antimagic hand axe
 S - a +0 arbalest
Missiles
 f - 159 stones
 j - 7 silver javelins
 m - 9 poisoned darts
 s - 178 arrows
 V - 3 boomerangs
Armour
 a - a +0 robe
 t - a +2 cloak (worn)
 E - a +0 buckler (worn)
 N - a +1 pair of gloves of archery (worn)
 P - a +4 plate armour of poison resistance
 Q - a +0 leather armour (worn)
Jewellery
 x - a ring of resist corrosion (left hand)
 I - an amulet of faith (around neck)
Wands
 w - a wand of flame (15)
 B - a wand of mindburst (7)
 G - a wand of iceblast (12)
Scrolls
 c - 12 scrolls of identify {unknown}
 l - 3 scrolls of magic mapping {unknown}
 o - 5 scrolls of teleportation {unknown}
 p - 2 scrolls of enchant armour {unknown}
 q - 2 scrolls of fog {unknown}
 r - 3 scrolls of fear {unknown}
 v - a scroll of vulnerability {unknown}
 y - a scroll of summoning {unknown}
 D - a scroll of brand weapon {unknown}
 F - a scroll of holy word {unknown}
 M - a scroll of amnesia {unknown}
 R - a scroll of silence {unknown}
 T - 2 scrolls of noise {unknown}
Potions
 b - a potion of berserk rage {unknown}
 e - 5 potions of mutation {unknown}
 g - a potion of haste
 h - 3 potions of ambrosia {unknown}
 i - a potion of brilliance {unknown}
 k - 2 potions of heal wounds {unknown}
 u - 2 potions of invisibility {unknown}
 z - 2 potions of flight {unknown}
 J - a potion of lignification {unknown}
 L - a potion of degeneration {unknown}
 U - 2 potions of resistance {unknown}
Miscellaneous
 O - a phantom mirror


   Skills:
 * Level 4.9 Fighting
 + Level 1.1 Armour
 + Level 5.9 Dodging
 - Level 2.0 Stealth
 + Level 0.6 Shields
 + Level 10.6 Spellcasting


You had 4 spell levels left.
You knew the following spells:

 Your Spells              Type           Power      Damage    Failure   Level
a - Foxfire               Conj/Fire      100%       2x1d9     1%          1
b - Conjure Flame         Conj/Fire      52%        6-21      1%          3
c - Inner Flame           Hex/Fire       52%        N/A       1%          3
d - Sticky Flame          Conj/Fire      52%        2d7       1%          4
e - Fireball              Conj/Fire      26%        3d12      5%          5
f - Magic Dart            Conj           100%       1d8       1%          1
g - Poisonous Vapours     Pois/Air       100%       N/A       1%          2
h - Stone Arrow           Conj/Erth      100%       3d13      1%          3
i - Animate Armour        Summ/Erth      100%       N/A       1%          4
Your spell library was empty.

Dungeon Overview and Level Annotations

Branches:
Dungeon (9/15)             Temple (1/1) D:5         Ossuary (visited)
 Bailey (visited)
   Lair: D:8-11         Orc: D:9-12

Altars:
Ashenzari
Cheibriados
Dithmenos
Elyvilon
Fedhas
Gozag
Hepliaklqana
Kikubaaqudgha
Makhleb
Nemelex Xobeh
Okawaru
Qazlal
Ru
Sif Muna
Trog
Uskayaw
Vehumet
Wu Jian
Xom
Yredelemnul
Zin
The Shining One

Shops:
D:7 *


Innate Abilities, Weirdness & Mutations

You are immune to sickness and miasma.
You are immune to poison.
Your flesh is very heat resistant. (rF++)
You are vulnerable to cold. (rC-)
You float through the air rather than walking.
You learn spells naturally, not from books.
Your magical power is your life essence.
You have superior vitality. (+4 HP)


Message History

Okay, then.
The two-headed ogre shouts in stereo!
The wyvern bites you but does no damage.
The gnoll sergeant closely misses you.
Casting: Fireball (dangerous; 5% risk of failure)
Confirm with . or Enter, or press ? or * to list all spells.
Aiming: Sticky Flame (dangerous; 1% risk of failure)
Press: ? - help, Shift-Dir - straight line, f - wyvern
Aim: a wyvern (100% to hit)
The sticky flame hits the wyvern!
The wyvern is moderately wounded.
The wyvern is covered in liquid flames!
The wyvern burns!
The wyvern barely misses you. The wyvern bites you.
The wyvern burns!
You block the wyvern's attack. Makhleb accepts your kill.
You feel a bit more experienced.
Your Armour skill increases to level 1!
The centaur wields a +0 shortbow.
The centaur shoots an arrow.
The arrow hits you!
The centaur shoots an arrow.
The arrow hits you!
The centaur shoots an arrow.
The arrow misses you.
The centaur shoots an arrow.
The arrow barely misses you.
The centaur shoots an arrow.
The arrow hits you.
The centaur shoots an arrow.
The arrow hits you!
* * * LOW HITPOINT WARNING * * *
The centaur shoots an arrow.
The arrow hits you but does no damage.
You hear a shout!
The centaur shoots an arrow.
The arrow closely misses you.
You hear an angry hiss.
The centaur shoots an arrow.
The arrow hits you.
* * * LOW HITPOINT WARNING * * *
The centaur shoots an arrow.
The arrow hits you.
* * * LOW HITPOINT WARNING * * *
The centaur shoots an arrow.
The arrow hits you!
* * * LOW HITPOINT WARNING * * *
Casting: Sticky Flame (dangerous; 1% risk of failure)
Confirm with . or Enter, or press ? or * to list all spells.
You don't know that spell.
The centaur shoots an arrow.
The arrow hits you!
You die...

........#
.......#
#.....#
#.....####
#........#
#....†..#
#...<...#
#...<...#
#...@...##
#........#
#........#
####...O....#
............#
........c...#
####........###
#####......#
#......#


You could see a two-headed ogre and a centaur.

Vanquished Creatures
  An orc knight (Bailey)
  A troll (D:5)
  A wraith (D:7)
  3 wyverns
  A steam dragon (D:8)
  2 water moccasins
  6 orc warriors
  3 ice beasts (D:7)
  2 black bears
  2 sky beasts
  An ogre (D:5)
  4 centaurs
  A phantom (D:5)
  Blork the orc (D:5)
  3 bullfrogs
  2 elf zombies (Ossuary)
  2 scorpions
  2 wyvern zombies
  3 electric eels (D:6)
  3 howler monkeys
  2 centaur zombies
  6 hounds
  2 bullfrog skeletons
  Crazy Yiuf (D:5)
  3 bullfrog zombies
  A gnoll shaman (D:7)
  2 orc priests
  4 iguanas
  Ijyb (D:5)
  5 orc wizards
  2 mummies (Ossuary)
  2 howler monkey zombies
  12 adders
  2 white imps
  An ufetubus (D:6)
  2 adder zombies (Ossuary)
  2 worms
  10 dart slugs
  29 orcs
  5 ball pythons
  9 bats
  7 endoplasms
  4 giant cockroaches
  14 goblins
  4 hobgoblins
  22 jackals
  4 kobolds
  A quokka (D:3)
  2 frilled lizards (D:2)
  3 goblin zombies (Ossuary)
  10 hobgoblin zombies (Ossuary)
  A jackal zombie (Ossuary)
  10 kobold zombies (Ossuary)
  7 orc zombies (Ossuary)
  3 rats
239 creatures vanquished.

Vanquished Creatures (others)
  An ice beast (D:6)
  658 foxfires
  4 toadstools (D:1)
663 creatures vanquished.

Grand Total: 902 creatures vanquished

Notes
Turn   | Place    | Note
-------+----------+-------------------------------------------
     0 | D:1      | rogsnak the Djinni Fire Elementalist began the quest for
                  | the Orb.
     0 | D:1      | Reached XP level 1. HP: 15/15 MP: 0/0
   216 | D:1      | Reached XP level 2. HP: 16/21 MP: 0/0
   853 | D:1      | Reached skill level 3 in Spellcasting
   922 | D:1      | Reached XP level 3. HP: 23/25 MP: 0/0
   922 | D:1      | Learned a level 1 spell: Magic Dart
  1216 | D:2      | Reached XP level 4. HP: 21/31 MP: 0/0
  2033 | D:3      | Found an iron altar of Okawaru.
  2043 | D:3      | Reached XP level 5. HP: 34/36 MP: 0/0
  2043 | D:3      | Learned a level 2 spell: Poisonous Vapours
  2650 | D:3      | Reached skill level 4 in Spellcasting
  2964 | D:3      | Reached skill level 1 in Fighting
  3294 | D:4      | Reached XP level 6. HP: 22/42 MP: 0/0
  3570 | D:4      | Reached skill level 5 in Spellcasting
  3795 | D:4      | Reached XP level 7. HP: 43/47 MP: 0/0
  3795 | D:4      | Learned a level 3 spell: Stone Arrow
  3914 | D:4      | Identified the +7 chain mail of Qomoiwniav {rCorr MP+9}
  4310 | D:5      | Entered Level 5 of the Dungeon
  4342 | D:5      | Noticed Blork the orc
  4349 | D:5      | Killed Blork the orc
  4512 | D:5      | Reached skill level 6 in Spellcasting
  4713 | D:5      | Reached XP level 8. HP: 48/54 MP: 0/0
  4857 | D:5      | Found a staircase to the Ecumenical Temple.
  4865 | Temple   | Entered the Ecumenical Temple
  5004 | Temple   | Became a worshipper of Makhleb the Destroyer
  5028 | D:5      | Noticed Ijyb
  5041 | D:5      | Killed Ijyb
  5384 | D:5      | Found a runed translucent door.
  5385 | D:5      | Noticed Crazy Yiuf
  5390 | D:5      | Killed Crazy Yiuf
  5515 | D:5      | Noticed a troll
  5530 | D:5      | Killed a troll
  5531 | D:5      | Reached skill level 7 in Spellcasting
  6337 | D:6      | Reached XP level 9. HP: 53/59 MP: 0/0
  6337 | D:6      | Learned a level 4 spell: Animate Armour
  6741 | D:6      | Reached skill level 8 in Spellcasting
  7287 | D:6      | Reached * piety under Makhleb
  7697 | D:7      | HP: 2/59 [ice beast (19)]
  7701 | D:7      | Reached skill level 9 in Spellcasting
  7982 | D:7      | Reached skill level 5 in Dodging
  8011 | D:7      | Found a flagged portal.
  8232 | Bailey   | Entered a bailey
  8548 | Bailey   | Noticed an orc knight
  8551 | Bailey   | Reached XP level 10. HP: 59/67 MP: 0/0
  8553 | Bailey   | Killed an orc knight
  8683 | Bailey   | Reached skill level 10 in Spellcasting
  9046 | D:7      | Reached ** piety under Makhleb
  9304 | D:7      | Found Ikaen's Assorted Antiques.
  9520 | D:8      | Found a sand-covered staircase.
  9717 | Ossuary  | Entered an ossuary
  9863 | Ossuary  | Reached *** piety under Makhleb
 10846 | D:9      | Noticed a two-headed ogre
 10860 | D:9      | Reached skill level 1 in Armour
 10881 | D:9      | Shot with an arrow by a centaur

Illustrated notes

Levels and vault maps discovered:
D:1:      ldierk_water_garden, layout_basic, minmay_tromino_mix6
D:2:      layout_rooms, kennysheep_generic_room_14
D:3:      layout_loops_ring, okawaru_gym_becter, fountainhead,
          nicolae_underground_beach
D:4:      layout_cave_pools
D:5:      layout_basic, minmay_temple_entry_glassed_door,
          chequers_serial_rivers_micro_c, kennysheep_generic_room_12,
          uniq_crazy_yiuf_cottage, uniq_blork_the_orc, uniq_ijyb
D:6:      kennysheep_slugbush, layout_loops_cross, lemuel_old_faithful
D:7:      layout_basic, enter_bailey_3, serial_shops,
          nicolae_shop_window_shopping, hangedman_minor_gate_pass
D:8:      layout_loops_ring, enter_ossuary_1
D:9:      layout_irregular_city, minmay_lair_entry_grove, minmay_hedge_maze,
          minivault_23, minmay_joined_circles
Temple:   compressed_dpeg_circular_temple

Skill      XL: |  1  2  3  4  5  6  7  8  9 10 |
---------------+-------------------------------+-----
Spellcasting   | 3 4 5 6 7 9 10 | 10.6
Stealth        | 2 |  2.0
Fighting       | 1 2 3 4 |  4.9
Dodging        | 3 4 5 |  5.9
Armour         | 1 |  1.1
Shields        | |  0.6

Action                   |  1- 3 |  4- 6 |  7- 9 | 10-12 || total
-------------------------+-------+-------+-------+-------++-------
Melee: Dagger            |    12 |    12 |    47 |    20 ||    91
       Flail             |       |     1 |       |       ||     1
       Mace              |       |       |       |    25 ||    25
 Cast: Foxfire           |    46 |   152 |   131 |    83 ||   412
       Poisonous Vapours |       |     6 |     8 |       ||    14
       Sticky Flame      |       |       |    14 |    16 ||    30
       Stone Arrow       |       |       |    13 |       ||    13
       Fireball          |       |       |    14 |    23 ||    37
       Animate Armour    |       |       |     1 |       ||     1
 Stab: Sleeping          |       |     1 |     4 |       ||     5
Armor: Robe              |     4 |     5 |    15 |     3 ||    27
       Leather armour    |       |       |       |    30 ||    30
Dodge: Dodged            |    13 |    22 |    61 |    60 ||   156
Block: Buckler           |       |       |       |    12 ||    12
